Map: Newkirk Precinct TE (Void)

Players

LiquidSnute (Snute)

  • Race: Zerg Zerg
  • League: Grandmaster
  • Spawn Location: 7:00

llllllllllll (Zest) - Winner!

  • Race: Protoss Protoss
  • League: Master
  • Spawn Location: 5:00

Event: NationWars IV

VOD

https://youtu.be/xUfIBXP_SMU?t=8m58s

Description

Time

  • Played on: Jan. 7, 2017, 11:07 a.m.
  • Length: 14:33

All games in this series

Show
View Real Time Build Order
Export as new Build Order

LiquidSnute Zerg 

Build Orders: Hatch First 

Get SALT Encoding   

  12  0:00  Drone  
  13  0:13  Overlord  
  13  0:18  Drone  
  14  0:31  Drone x2  
  14  0:35  Drone  
  17  0:53  Hatchery  
  17  0:55  Drone  
  17  0:58  Drone  
  17  1:00  Extractor  
  17  1:08  Drone  
  18  1:19  Spawning Pool  
  18  1:23  Drone  
  18  1:29  Drone  
  19  1:40  Overlord  
  19  1:51  Drone  
  20  2:01  Drone  
  20  2:06  Queen x2  
  25  2:11  Metabolic Boost  
  25  2:15  Drone  
  27  2:22  Drone  
  27  2:23  Zergling x2, Drone  
  27  2:27  Zergling x2  
  30  2:33  Drone  
  31  2:37  Drone  
  31  2:44  Drone  
  33  2:49  Overlord  
  33  2:55  Hatchery  
  33  2:57  Drone  
  33  3:00  Drone  
  33  3:05  Drone  
  35  3:10  Drone  
  36  3:14  Drone x3  
  36  3:15  Drone  
  36  3:16  Overlord, Drone  
  36  3:17  Drone  
  42  3:22  Overlord  
  41  3:27  Spore Crawler  
  41  3:28  Spore Crawler  
  41  3:34  Queen  
  39  3:37  Evolution Chamber  
  39  3:40  Drone  
  39  3:41  Drone x2  
  42  3:44  Drone  
  42  3:46  Drone  
  42  3:47  Drone  
  46  3:48  Drone  
  46  3:50  Drone  
  46  3:52  Drone  
  46  3:54  Drone  
  46  3:55  Drone  
  51  3:58  Drone  
  52  4:03  Zerg Melee Weapons Level 1  
  52  4:07  Spore Crawler  
  52  4:08  Queen  
  53  4:13  Zergling x4  
  53  4:14  Zergling x2  
  55  4:17  Drone x2  
  55  4:20  Drone x2  
  55  4:21  Drone  
  60  4:25  Overlord  
  60  4:28  Drone  
  60  4:29  Drone  
  62  4:33  Overlord  
  62  4:35  Drone  
  62  4:37  Drone  
  64  4:40  Drone x2  
  64  4:44  Drone x2  
  68  4:47  Drone x2  
  68  4:48  Drone  
  68  4:51  Lair  
  68  4:52  Drone x2  
  73  4:53  Drone  
  73  4:58  Drone  
  76  5:00  Drone x2  
  76  5:01  Extractor, Drone  
  76  5:02  Drone  
  76  5:04  Extractor  
  76  5:05  Extractor x2  
  76  5:06  Overlord  
  76  5:07  Extractor  
  74  5:11  Overlord  
  74  5:15  Spore Crawler  
  74  5:16  Drone  
  74  5:18  Spore Crawler, Drone  
  74  5:22  Evolution Chamber  
  74  5:23  Overlord  
  74  5:24  Drone  
  74  5:25  Drone  
  74  5:28  Drone x5  
  76  5:30  Drone x2  
  76  5:35  Spore Crawler  
  79  5:38  Drone x4  
  79  5:40  Drone  
  83  5:46  Hatchery  
  83  5:48  Infestation Pit  
  81  5:50  Zerg Ground Armor Level 1  
  81  5:53  Drone x5  
  85  6:01  Overlord, Drone  
  85  6:02  Drone x5  
  89  6:08  Zerg Missile Weapons Level 1  
  88  6:14  Roach Warren, Hydralisk Den  
  84  6:23  Overlord x2  
  84  6:26  Infestor  
  84  6:27  Infestor  
  84  6:28  Burrow  
  84  6:29  Infestor  
  89  6:33  Zergling x20  
  99  6:44  Muscular Augments  
  99  6:45  Drone  
  99  6:55  Drone x3  
  99  6:57  Drone x3  
  103  7:06  Queen  
  103  7:07  Spore Crawler  
  104  7:08  Drone  
  104  7:10  Drone x4  
  104  7:11  Drone  
  104  7:13  Hydralisk x4  
  104  7:14  Hydralisk x3  
  124  7:21  Hydralisk x3  
  127  7:27  Hydralisk x2  
  126  7:30  Hydralisk  
  126  7:35  Neural Parasite  
  123  7:41  Extractor, Overlord x3  
  121  7:50  Overlord  
  121  7:51  Zerg Ground Armor Level 2  
  121  7:55  Overseer x2  
  121  8:02  Hydralisk  
  121  8:03  Hydralisk x3  
  121  8:05  Zergling x8  
  130  8:06  Zergling x12  
  130  8:12  Hydralisk x3  
  139  8:13  Hydralisk  
  139  8:16  Hydralisk  
  139  8:19  Hydralisk  
  149  8:20  Spine Crawler  
  149  8:21  Overlord  
  149  8:23  Zergling x2  
  149  8:24  Zergling x6  
  154  8:30  Hydralisk  
  154  8:31  Hydralisk x2  
  154  8:32  Overlord  
  154  8:33  Overlord x2  
  160  8:37  Overseer x2  
  160  8:46  Overlord x2  
  160  8:51  Zerg Missile Weapons Level 2  
  160  8:53  Roach x8  
  176  8:57  Glial Reconstitution  
  176  9:01  Zergling x16  
  184  9:04  Pneumatized Carapace  
  184  9:05  Overseer  
  184  9:09  Zergling x2  
  187  9:10  Zergling x10  
  189  9:22  Hydralisk x5  
  164  9:48  Hydralisk x12  
  188  9:56  Hydralisk x2  
  188  9:58  Infestor  
  188  9:59  Overlord x2  
  192  10:02  Hive  
  192  10:07  Overlord  
  192  10:11  Extractor  
  191  10:15  Zergling x2  
  192  10:23  Hatchery  
  192  10:27  Hydralisk x10  
  167  10:37  Hydralisk x3  
  167  10:41  Hydralisk  
  167  10:42  Hydralisk  
  145  10:44  Hydralisk  
  145  10:47  Zergling x16  
  135  10:52  Hydralisk  
  135  10:53  Hydralisk x2  
  141  10:57  Hydralisk  
  141  11:00  Hydralisk x2  
  141  11:03  Hydralisk  
  149  11:05  Hydralisk  
  149  11:07  Zergling x6  
  154  11:14  Hydralisk x3  
  156  11:25  Hydralisk x2  
  156  11:26  Hydralisk x3  
  164  11:41  Hydralisk x5  
  164  11:42  Hydralisk  
  164  11:43  Overlord x2  
  176  11:49  Hydralisk x2  
  180  11:55  Hatchery  
  180  11:56  Hydralisk  
  180  11:57  Hydralisk  
  180  11:58  Overlord x2  
  183  12:05  Zergling x2  
  183  12:06  Zergling x14  
  191  12:14  Pathogen Glands  
  191  12:31  Extractor  
  185  12:37  Hatchery  
  185  12:42  Infestor  
  185  12:43  Infestor  
  188  12:50  Infestor  
  188  12:51  Infestor  
  192  13:03  Spore Crawler x2  
  192  13:04  Hydralisk x4  
  192  13:05  Spore Crawler x2  
  196  13:06  Spore Crawler  
  196  13:08  Infestor  
  196  13:22  Spore Crawler  
  196  13:23  Hydralisk x3  
  196  13:24  Spore Crawler  
  175  13:34  Hydralisk  
  175  13:35  Hydralisk x6  
  189  13:46  Hydralisk  
  189  13:47  Hydralisk x3  
  181  13:57  Hydralisk x3  
  174  14:07  Hydralisk x3  
  174  14:09  Zergling x2  
  173  14:10  Zergling x2  
Show
View Real Time Build Order
Export as new Build Order

llllllllllll Protoss - Winner!

Build Orders: 1 Gate Expand, Oracle Opening, Phoenix Opening 

Get SALT Encoding   

  12  0:01  Probe (Chrono Boost)  
  13  0:11  Probe (Chrono Boost)  
  14  0:18  Pylon  
  14  0:22  Probe (Chrono Boost)  
  15  0:36  Probe (Chrono Boost)  
  15  0:39  Gateway  
  16  0:47  Probe (Chrono Boost)  
  16  0:49  Assimilator  
  17  0:57  Probe (Chrono Boost)  
  18  1:08  Probe (Chrono Boost)  
  20  1:18  Probe (Chrono Boost)  
  20  1:27  Nexus  
  20  1:36  Cybernetics Core  
  20  1:39  Probe (Chrono Boost)  
  21  1:44  Assimilator  
  21  1:50  Probe (Chrono Boost)  
  22  1:54  Pylon  
  22  2:00  Probe (Chrono Boost)  
  23  2:08  Stalker  
  23  2:13  Warp Gate  
  23  2:14  Probe (Chrono Boost)  
  26  2:26  Probe (Chrono Boost)  
  27  2:35  Stargate  
  27  2:37  Probe (Chrono Boost)  
  28  2:39  Probe (Chrono Boost)  
  29  2:46  Zealot  
  29  2:47  Probe (Chrono Boost)  
  29  2:50  Probe (Chrono Boost)  
  33  2:58  Mothership Core (Chrono Boost)  
  35  3:00  Probe (Chrono Boost)  
  36  3:11  Probe (Chrono Boost)  
  37  3:16  Oracle  
  37  3:17  Probe (Chrono Boost)  
  38  3:21  Probe (Chrono Boost)  
  42  3:29  Probe (Chrono Boost)  
  42  3:32  Probe (Chrono Boost)  
  44  3:40  Pylon  
  45  3:41  Probe (Chrono Boost)  
  45  3:42  Probe (Chrono Boost)  
  45  3:45  Nexus  
  46  3:55  Phoenix  
  46  3:57  Assimilator  
  46  3:58  Probe (Chrono Boost)  
  46  4:00  Probe (Chrono Boost)  
  46  4:01  Assimilator  
  50  4:07  Pylon  
  50  4:09  Probe (Chrono Boost)  
  51  4:12  Probe (Chrono Boost)  
  52  4:20  Probe (Chrono Boost)  
  52  4:21  Phoenix  
  54  4:24  Probe (Chrono Boost)  
  54  4:29  Stargate  
  56  4:33  Probe (Chrono Boost)  
  56  4:36  Probe (Chrono Boost)  
  58  4:43  Phoenix  
  58  4:44  Probe (Chrono Boost)  
  59  4:48  Probe (Chrono Boost)  
  59  4:49  Protoss Air Weapons Level 1  
  62  4:57  Probe (Chrono Boost), Pylon  
  62  4:58  Probe (Chrono Boost)  
  65  5:00  Probe (Chrono Boost)  
  65  5:03  Assimilator  
  65  5:07  Phoenix  
  65  5:08  Assimilator  
  65  5:09  Probe x2 (Chrono Boost)  
  65  5:10  Phoenix  
  65  5:13  Probe (Chrono Boost), Pylon  
  72  5:18  Pylon  
  72  5:20  Probe (Chrono Boost)  
  72  5:21  Probe (Chrono Boost)  
  74  5:26  Fleet Beacon  
  75  5:28  Probe (Chrono Boost)  
  75  5:31  Probe (Chrono Boost), Phoenix  
  75  5:33  Probe (Chrono Boost)  
  79  5:36  Phoenix  
  79  5:40  Probe (Chrono Boost)  
  79  5:41  Probe (Chrono Boost)  
  83  5:45  Probe (Chrono Boost)  
  83  5:46  Pylon  
  84  5:53  Probe (Chrono Boost), Pylon  
  84  5:54  Probe (Chrono Boost)  
  84  5:55  Zealot  
  89  5:57  Probe (Chrono Boost)  
  89  6:00  Carrier  
  89  6:02  Carrier  
  89  6:09  Probe x2 (Chrono Boost)  
  89  6:10  Probe (Chrono Boost)  
  89  6:11  Pylon  
  104  6:22  Gateway  
  104  6:23  Gateway  
  104  6:25  Gateway  
  104  6:30  Gateway  
  104  6:32  Gateway  
  104  6:34  Protoss Air Weapons Level 2  
  110  6:52  Stargate  
  110  7:01  Graviton Catapult  
  110  7:05  Pylon  
  110  7:08  Gateway  
  110  7:09  Pylon, Gateway  
  110  7:10  Zealot  
  112  7:19  Zealot x2  
  112  7:23  Gateway  
  112  7:25  Carrier x2  
  107  7:34  Zealot  
  121  7:40  Carrier  
  126  7:52  Forge  
  126  7:57  Pylon  
  126  8:01  Probe x2 (Chrono Boost)  
  126  8:02  Probe (Chrono Boost)  
  126  8:05  Robotics Facility  
  129  8:12  Pylon  
  129  8:33  Nexus  
  129  8:35  Pylon, Protoss Shields Level 1  
  129  8:38  Twilight Council  
  129  8:52  Carrier, Pylon  
  129  8:53  Carrier  
  129  8:54  Carrier  
  129  8:56  Pylon  
  141  9:08  Adept x5  
  157  9:21  Adept  
  157  9:22  Adept x2  
  163  9:30  Adept x5  
  164  9:47  Resonating Glaives  
  164  9:48  Adept x3  
  165  10:02  Observer  
  166  10:11  Templar Archives, Adept x6  
  166  10:12  Adept x2  
  182  10:18  Immortal  
  158  10:46  Psionic Storm  
  156  10:51  Adept x8  
  156  10:56  Warp Prism, Probe (Chrono Boost)  
  176  10:57  Probe x3 (Chrono Boost), Assimilator  
  176  11:01  Assimilator  
  178  11:06  Probe (Chrono Boost)  
  178  11:09  Probe x3 (Chrono Boost)  
  182  11:23  Mothership Core (Chrono Boost)  
  182  11:24  Protoss Ground Weapons Level 1  
  182  11:25  High Templar x3  
  184  11:26  Blink  
  184  11:30  Photon Cannon  
  184  11:44  High Templar x2  
  188  11:59  Photon Cannon  
  188  12:06  Photon Cannon  
  188  12:08  Photon Cannon  
  188  12:09  Photon Cannon  
  188  12:11  Photon Cannon  
  188  12:13  Photon Cannon  
  188  12:15  Photon Cannon  
  188  12:16  Photon Cannon  
  188  12:19  Pylon x2  
  188  12:23  Pylon  
  188  12:27  Photon Cannon  
  188  12:31  Photon Cannon  
  188  12:32  Immortal  
  192  12:46  High Templar x4  
  192  12:50  Archon x2  
  192  12:51  Photon Cannon  
  200  12:52  Photon Cannon  
  200  12:54  Photon Cannon  
  200  12:56  Photon Cannon  
  190  13:35  High Templar  
  190  13:36  High Templar x3  
  190  13:37  Adept  
  200  13:42  Archon x2  
  196  13:57  Adept x4  
  196  14:15  Adept x2  
Tags
 
Add a new tag
Caveats
  • Supply blocks, unpowered buildings, or Contaminate may cause inaccurate times.
  • Supply counts are checked every 10 seconds.